 Dungeon Crawl Stone Soup version 0.26-a0-720-g2a1d101370 (webtiles) character file.

Game seed: 8841821612629741642

74 thriggle the Stinger (level 4, 0/28 HPs)
             Began as an Octopode Venom Mage on Nov 3, 2020.
             Was an Initiate of Dithmenos.
             Succumbed to kobold's curare-tipped dart
             ... on level 2 of the Dungeon.
             The game lasted 00:10:57 (1416 turns).

thriggle the Stinger (Octopode Venom Mage)          Turns: 1416, Time: 00:10:57

Health: 0/28       AC:  1    Str:  6 (7)  XL:     4   Next: 30%
Magic:  6/7        EV: 17    Int: 23 (24) God:    Dithmenos [......]
Gold:   147        SH:  0    Dex: 11 (12) Spells: 1/8 levels left

rFire    . . .     SeeInvis .   l - +0 dagger
rCold    . . .     Faith    .   (no shield)
rNeg     . . .     Spirit   .   (helmet restricted)
rPois    .         Reflect  .   (no amulet)
rElec    .         Harm     .   i - +6 ring of intelligence
rCorr    .         Rampage  .   m - +4 ring of evasion
MR       .....                  (no ring)
Stlth    +++.......             (no ring)
HPRegen  0.09/turn              (no ring)
MPRegen  0.10/turn              (no ring)
                                (no ring)
                                (no ring)

@: lethally poisoned (0 -> -17), stab, slowed, very slow
A: almost no armour, stealthy swim, amphibious, 8 rings, constrict 8, camouflage
1, gelatinous body 1
a: Renounce Religion


You were on level 2 of the Dungeon.
You worshipped Dithmenos.
Dithmenos was noncommittal.
You visited 1 branch of the dungeon, and saw 3 of its levels.

You collected 147 gold pieces.

Inventory:

Hand Weapons
 l - a +0 dagger (weapon)
Missiles
 b - 28 poisoned darts (quivered)
 e - 63 stones
Jewellery
 i - a +6 ring of intelligence (left tentacle)
 m - a +4 ring of evasion (right tentacle)
Scrolls
 a - 2 scrolls of enchant armour {unknown}
 c - a scroll of blinking {unknown}
 d - 2 scrolls of identify {unknown}
 f - 3 scrolls of noise {unknown}
 g - a scroll of amnesia {unknown}
 k - a scroll of remove curse {unknown}
 n - a scroll of immolation {unknown}
Potions
 o - a potion of heal wounds {unknown}


   Skills:
 + Level 1.0 Fighting
 + Level 0.3 Short Blades
 + Level 0.6 Throwing
 + Level 2.3 Dodging
 + Level 3.5 Stealth
 * Level 2.5 Spellcasting
 + Level 0.6 Conjurations
 - Level 1.3 Transmutations
 + Level 0.0 Fire Magic
 + Level 0.4 Air Magic
 + Level 3.9 Poison Magic


You had one spell level left.
You knew the following spells:

 Your Spells              Type           Power        Failure   Level
a - Sting                 Tmut/Pois      ###.         4%          1
b - Mephitic Cloud        Conj/Pois/Air  ##......     19%         3
c - Ignite Poison         Fire/Tmut/Pois ##......     19%         3

Your spell library contained the following spells:

 Spells                   Type           Power        Failure   Level
 Poisonous Vapours        Pois/Air       ##....       8%          2
 Olgreb's Toxic Radiance  Pois           ###.....     24%         4


Dungeon Overview and Level Annotations

Branches:
Dungeon (3/15)

Altars:
Dithmenos
Hepliaklqana
Okawaru


Innate Abilities, Weirdness & Mutations

You cannot wear most types of armour.
You are very stealthy in the water. (Stealth+)
You are amphibious.
You can wear up to eight rings at the same time.
You can use your tentacles to constrict eight enemies at once.
Your skin changes colour to match your surroundings (Stealth+).
Your rubbery body absorbs attacks. (AC +1, EV +1)


Message History

You are poisoned.
You have difficulty breathing.
You feel yourself slow down.
You feel sick.
The kobold throws a curare-tipped dart.
The curare-tipped dart hits you.
You are lethally poisoned!
You have difficulty breathing.
* * * LOW HITPOINT WARNING * * *
You feel as though you will be slow longer.
You climb upwards.
* * * LOW HITPOINT WARNING * * *
You feel very sick.
There is a stone staircase leading down here.
It was a potion of stabbing.
You feel ready to backstab.
* * * LOW HITPOINT WARNING * * *
You feel sick.
It was a potion of degeneration.
There was something very wrong with that liquid.
You feel weakened.
You feel dopey.
You feel clumsy.
You die...

..#.####..........####
..#...##..........#
..###.##..........#
### #.............#
#####........##
##........##
#....).....#
#..........#
#........@.#
#..........#
#..........#
##........##
##.<....## ########


There were no monsters in sight!

Vanquished Creatures
  A hound zombie (D:2)
  An ooze (D:2)
  A worm (D:3)
  2 dart slugs (D:1)
  2 leopard geckos
  An orc (D:3)
  A ball python (D:1)
  2 hobgoblins
  6 jackals
  5 kobolds
  A quokka (D:2)
  2 bats
  6 frilled lizards
  9 goblins
  7 rats
47 creatures vanquished.

Notes
Turn   | Place    | Note
-------+----------+-------------------------------------------
     0 | D:1      | thriggle the Octopode Venom Mage began the quest for the
                  | Orb.
     0 | D:1      | Reached XP level 1. HP: 11/11 MP: 3/3
    95 | D:1      | Reached XP level 2. HP: 17/17 MP: 3/5
   415 | D:1      | Reached XP level 3. HP: 22/22 MP: 6/6
   439 | D:1      | Learned a level 3 spell: Mephitic Cloud
   873 | D:2      | Found an iron altar of Okawaru.
   930 | D:2      | Reached XP level 4. HP: 21/27 MP: 5/7
  1137 | D:2      | Noticed a shadow
  1138 | D:2      | Found a shadowy altar of Dithmenos.
  1139 | D:2      | Found a hazy altar of Hepliaklqana.
  1151 | D:2      | Became a worshipper of Dithmenos the Shadowed
  1307 | D:3      | Reached skill level 1 in Fighting
  1320 | D:3      | Learned a level 3 spell: Ignite Poison
  1416 | D:2      | Succumbed to kobold's curare-tipped dart

Illustrated notes

Levels and vault maps discovered:
D:1:      dpeg_arrival_castle, layout_rooms, serial_glass, glass_columns_b,
          glass_columns_a
D:2:      layout_rooms, riverfiend_overflow_shadow_ancestor,
          okawaru_ov_weapons_minmay
D:3:      layout_basic, yredelemnul_altar_generic

Skill      XL: |  1  2  3  4 |
---------------+-------------+-----
Stealth        | 3 |  3.5
Fighting       | 1 |  1.0
Short Blades   | |  0.3
Throwing       | |  0.6
Dodging        | |  2.3
Spellcasting   | |  2.5
Conjurations   | |  0.6
Transmutations | |  1.3
Air Magic      | |  0.4
Poison Magic   | |  3.9

Action                   |  1- 3 |  4- 6 || total
-------------------------+-------+-------++-------
Melee: Unarmed           |    10 |       ||    10
       Constrict         |     5 |     6 ||    11
       Tentacles         |     3 |     4 ||     7
       Dagger            |     6 |    17 ||    23
Throw: Dart              |     7 |    13 ||    20
       Stone             |     9 |     4 ||    13
 Cast: Sting             |    38 |    11 ||    49
       Mephitic Cloud    |     1 |     1 ||     2
       Ignite Poison     |       |     1 ||     1
  Use: Potion            |       |     2 ||     2
Armor: Skin              |     6 |     1 ||     7
Dodge: Dodged            |    24 |    16 ||    40

Table legend: (Time is in decaauts)
 A = Elapsed time spent in this place.
 B = Non-inter-level travel time spent in this place.
 C = Inter-level travel time spent in this place.
 D = Time resting spent in this place.
 E = Time spent auto-exploring this place.
 F = Levels seen in this place.
 G = Mean time per level.
                   A        B        C        D        E       F      G
               +--------+--------+--------+--------+--------+-----+--------+
         Total |   1417 |   1358 |     59 |    118 |    391 |   3 |  472.3 |
       Dungeon |   1417 |   1358 |     59 |    118 |    391 |   3 |  472.3 |
               +--------+--------+--------+--------+--------+-----+--------+

Top non-repeatable levels by time:
     D:1: 692 daAuts
     D:2: 613 daAuts
     D:3: 112 daAuts
